 Dungeon Crawl Stone Soup version 0.22-a0-305-gd21a89c (webtiles) character file.

88 xccam the Cudgeler (level 4, 0/35 HPs)
             Began as a Formicid Fighter on Mar 31, 2018.
             Slain by an ooze (3 damage)
             ... on level 3 of the Dungeon.
             The game lasted 00:04:02 (1606 turns).

xccam the Cudgeler (Formicid Fighter)               Turns: 1606, Time: 00:04:03

Health: 0/35       AC: 10    Str: 26    XL:     4   Next: 81%
Magic:  4/4        EV:  8    Int:  8    God:
Gold:   111        SH: 10    Dex: 10    Spells: 3/3 levels left

rFire    . . .     SeeInvis +   a - +0 flail
rCold    . . .     Gourm    .   c - +0 shield
rNeg     . . .     Faith    .   b - +0 scale mail
rPois    .         Spirit   .   (helmet unavailable)
rElec    .         Reflect  .   (no cloak)
rCorr    .         Harm     .   m - +0 pair of gloves (curse)
MR       .....                  r - +1 pair of boots
Stlth    ..........             (no amulet)
HPRegen  0.11/turn              (no ring)
MPRegen  0.09/turn              (no ring)

@: mighty
A: permanent stasis, dig shafts and tunnels, four strong arms, antennae 3
a: Dig, Shaft Self


You were on level 3 of the Dungeon.
You were hungry.

You visited 1 branch of the dungeon, and saw 3 of its levels.

You collected 111 gold pieces.

Inventory:

Hand Weapons
 a - a +0 flail (weapon)
Armour
 b - a +0 scale mail (worn)
 c - a +0 shield (worn)
 m - a cursed +0 pair of gloves (worn)
 r - a +1 pair of boots (worn)
Scrolls
 e - a scroll of fog {unknown}
 g - 3 scrolls of teleportation {unknown}
 n - a scroll of blinking {unknown}
 q - a scroll of identify {unknown}
Potions
 d - a potion of might
 h - a potion of berserk rage {unknown}
 i - a potion of heal wounds {unknown}
 j - a potion of magic {unknown}
 k - a potion of curing {unknown}
 l - a potion of ambrosia {unknown}
 o - a potion of brilliance {unknown}
 p - a potion of flight {unknown}
Comestibles
 f - 4 rations


   Skills:
 - Level 3.2 Fighting
 + Level 4.6 Maces & Flails
 - Level 3.2 Armour
 - Level 3.6 Shields


You had 3 spell levels left.
You didn't know any spells.

Dungeon Overview and Level Annotations

Branches:
Dungeon (3/15)

Altars:
Hepliaklqana


Innate Abilities, Weirdness & Mutations

You cannot be hasted, slowed, berserked, paralysed or teleported.
You can dig through walls and to a lower floor.
Your four strong arms can wield two-handed weapons with a shield.
You have a pair of large antennae on your head. (SInv)


Message History

You block the gnoll's attack.
You barely miss the gnoll.
The gnoll is almost dead.
The gnoll misses you. You block the ooze's attack.
The gnoll barely misses you. x2
You are feeling hungry.
You barely miss the gnoll.
The gnoll is almost dead.
The ooze hits you but does no damage. You block the gnoll's attack.
The gnoll hits you from afar with a halberd!
* * * LOW HITPOINT WARNING * * *
Unknown command.
Okay, then.
You barely miss the gnoll.
The gnoll is almost dead.
You block the ooze's attack.
The gnoll hits you but does no damage. x2
You block the ooze's attack.
You sock the gnoll!
You kill the gnoll!
The ooze hits you.
You die...

##########...)..#####
............##.##
##########.###..#
#####.####.#.
##...#........
##.............
#............... .
##....†...(....# .
#.@)............ .
#J#g............
#.....g.........#.#
.........########..#
..........# .#
###.......# #.......#
...##.#### ### ..


You could see a gnoll, an ooze and a hobgoblin.

Vanquished Creatures
  2 gnolls (D:3)
  An adder (D:3)
  3 dart slugs
  A leopard gecko (D:2)
  An orc (D:3)
  2 giant cockroaches
  5 goblins
  2 hobgoblins
  5 jackals
  6 kobolds
  A quokka (D:3)
  2 ball pythons
  8 bats
  4 frilled lizards
  6 rats
49 creatures vanquished.

Notes
Turn   | Place    | Note
-------+----------+-------------------------------------------
     0 | D:1      | xccam the Formicid Fighter began the quest for the Orb.
     0 | D:1      | Reached XP level 1. HP: 18/18 MP: 1/1
   210 | D:1      | Reached XP level 2. HP: 22/24 MP: 2/2
   307 | D:1      | Reached skill level 3 in Maces & Flails
   546 | D:2      | Reached XP level 3. HP: 18/29 MP: 3/3
   669 | D:2      | Found a hazy altar of Hepliaklqana.
   779 | D:2      | Found a faded altar of an unknown god.
  1302 | D:3      | Reached skill level 4 in Maces & Flails
  1302 | D:3      | Reached XP level 4. HP: 15/35 MP: 4/4
  1606 | D:3      | Slain by an ooze

Vault maps used:
D:1:      zelgadis_glass_arrival_small
D:2:      nicolae_overflow_crystal_walls, chequers_ecumenical_altar_island
D:3:      uniq_grinder

Skill      XL: |  1  2  3 |
---------------+----------+-----
Maces & Flails | 3 4 |  4.6
Fighting       | |  3.2
Armour         | |  3.2
Shields        | |  3.6

Action                   |  1- 3 |  4- 6 || total
-------------------------+-------+-------++-------
Melee: Flail             |   124 |    28 ||   152
  Use: Potion            |       |     1 ||     1
  Eat: Chunk             |     1 |     1 ||     2
Armor: Scale mail        |    61 |    24 ||    85
Dodge: Dodged            |    38 |    11 ||    49
Block: Shield            |    85 |    32 ||   117

Table legend:
 A = Spawn XP
 B = Non-spawn XP
 C = Spawn XP percentage of total XP
 D = Spawn monster count
 E = Non-spawn monster count
 F = Spawn count percentage of total count
 G = Total turns spent on level
                    A         B        C        D         E        F      G
               +---------+---------+-------+---------+---------+-------+---------
         Total |       0 |     126 |   0.0 |       0 |      49 |   0.0 |  1606
               +---------+---------+-------+---------+---------+-------+---------
           D:1 |       0 |      28 |   0.0 |       0 |      18 |   0.0 |   539
           D:2 |       0 |      38 |   0.0 |       0 |      20 |   0.0 |   743
           D:3 |       0 |      60 |   0.0 |       0 |      11 |   0.0 |   324
               +---------+---------+-------+---------+---------+-------+---------
